 Dungeon Crawl Stone Soup version 0.29.1-15-g9cfb28693d (webtiles) character file.

Game seed: 12966884800054382309

107 DemonSlayer the Digger (level 4, -1/30 HPs)
             Began as a Demonspawn Earth Elementalist on Mar 1, 2023.
             Killed from afar by Ijyb (16 damage)
             ... with a bolt of light
             ... on level 3 of the Dungeon.
             The game lasted 00:05:45 (2612 turns).

DemonSlayer the Digger (DsEE)                       Turns: 2612, Time: 00:05:47

Health: -1/30      AC:  5    Str: 11    XL:     4   Next: 57%
Magic:  5/8        EV: 12    Int: 16    God:
Gold:   151        SH:  0    Dex: 13    Spells: 3/9 levels left

rFire   . . .      SeeInvis .   l - +0 short sword (elec)
rCold   . . .      Faith    .   (no shield)
rNeg    . . .      Spirit   .   a - +0 robe
rPois   .          Reflect  .   (helmet restricted)
rElec   .          Harm     .   (no cloak)
rCorr   .          Rampage  .   (no gloves)
Will    .....                   j - +0 pair of boots
Stlth   ++........              (no amulet)
HPRegen 0.10/turn               (no ring)
MPRegen 0.11/turn               (no ring)

@: no status effects
A: antennae 1, yellow scales 1, powered by pain 1
a: no special abilities


You were on level 3 of the Dungeon.
You visited 1 branch of the dungeon, and saw 3 of its levels.

You collected 151 gold pieces.

Inventory:

Hand Weapons
 l - a +0 short sword of electrocution (weapon)
Armour
 a - a +0 robe (worn)
 j - a +0 pair of boots (worn)
Scrolls
 f - a scroll of amnesia {unknown}
 h - a scroll of identify {unknown}
 i - a scroll of teleportation {unknown}
 n - a scroll of fog {unknown}
 o - a scroll of vulnerability {unknown}
Potions
 b - a potion of magic
 c - a potion of heal wounds {unknown}
 d - 2 potions of flight {unknown}
 e - 2 potions of haste {unknown}
 g - a potion of resistance {unknown}
 k - 2 potions of might {unknown}
 m - a potion of brilliance {unknown}


   Skills:
 + Level 0.2 Fighting
 + Level 2.1 Dodging
 + Level 2.1 Stealth
 + Level 3.1 Spellcasting
 + Level 0.8 Transmutations
 + Level 3.8 Earth Magic


You had 3 spell levels left.
You knew the following spells:

 Your Spells              Type           Power      Damage    Failure   Level
a - Sandblast             Erth           28%        2d8       3%          1
b - Passwall              Tmut/Erth      8%         N/A       11%         2
c - Stone Arrow           Conj/Erth      16%        3d8       26%         3

Your spell library contained the following spells:

 Spells                   Type           Power      Damage    Failure   Level
 Petrify                  Tmut/Erth      10%        N/A       56%         4


Dungeon Overview and Level Annotations

Branches:
Dungeon (3/15)

Altars:

Shops:
D:3 (

Annotations:
D:3 Ijyb, Jessica


Innate Abilities, Weirdness & Mutations

You have a pair of small antennae on your head.
You are partially covered in yellow scales. (AC +2)
You sometimes gain a little power by taking damage.


Message History

You sense a monster nearby.
A bat comes into view.
A bat is nearby!
A bat is nearby!
The blast of sand hits the bat!
You kill the bat!
You can't see any susceptible monsters within range! (Use Z to cast anyway.)
You can't see any susceptible monsters within range! (Use Z to cast anyway.)
You can't see any susceptible monsters within range! (Use Z to cast anyway.)
Found an escape hatch in the ceiling.
Found a stone staircase leading down.
Found 6 stones.
Ijyb the Twisted Goblin comes into view.
She is wielding a +0 club and carrying a wand of light (6).
Ijyb is nearby!
Ijyb is nearby!
Ijyb is nearby!
Ijyb is nearby!
The blast of sand hits Ijyb but does no damage.
Ijyb shouts!
You hear a shout!
Ijyb zaps a wand.
The bolt of light misses you.
Jessica the Apprentice Sorceress comes into view.
She is wielding a +0 club.
The blast of sand hits Ijyb but does no damage.
Jessica gestures at you while chanting. Pain shoots through your body!
Jessica gestures wildly.
Ijyb zaps a wand.
The bolt of light hits you!
You are too injured to fight recklessly!
You are too injured to fight recklessly!
Jessica casts a spell.
Jessica seems to speed up.
You are too injured to fight recklessly!
Casting: Sandblast (safe; 3% risk of failure)
Confirm with . or Enter, or press ? or * to list all spells.
Aiming: Sandblast (safe; 3% risk of failure)
Press: ? - help, Shift-Dir - straight line, f/p - Ijyb
Aim: Ijyb, wielding a +0 club, wearing a +0 chain mail and carrying a wand of light (4) (82% to hit)
The blast of sand hits Ijyb but does no damage.
Ijyb zaps a wand.
The bolt of light hits you!
Ouch! That really hurt!
You die...

#.# #.# .## #.# #.# .(#
####)###.# #.#
....#....# ##.##
####.##### #...### #.#
#...#.. #<###### #...#.#
#.##...## ##.##.#
##.#.....# ##@##.#
..........####...#.#.##
#.##............#.g..@.#
..##........###...#.#..#
#####.......####.##.# #
.............>...# .#
######.....####### .#
######.....## ..
##..†.......# ##


You could see Ijyb.

Vanquished Creatures
  4 adders
  A worm (D:2)
  3 dart slugs
  3 orcs (D:3)
  6 bats
  3 endoplasms
  5 giant cockroaches
  6 goblins
  5 hobgoblins
  4 jackals (D:1)
  7 kobolds
  3 ball pythons
  2 frilled lizards
  A rat (D:1)
53 creatures vanquished.

Notes
Turn   | Place    | Note
-------+----------+-------------------------------------------
     0 | D:1      | DemonSlayer the Demonspawn Earth Elementalist began the
                  | quest for the Orb.
     0 | D:1      | Reached XP level 1. HP: 13/13 MP: 3/3
   189 | D:1      | Gained mutation: You are partially covered in yellow
                  | scales. (AC +2) [demonic ancestry]
   189 | D:1      | Reached XP level 2. HP: 4/19 MP: 0/5
   754 | D:1      | Gained mutation: You have a pair of small antennae on your
                  | head. [demonic ancestry]
   754 | D:1      | Reached XP level 3. HP: 22/24 MP: 0/6
  1064 | D:1      | Learned a level 2 spell: Passwall
  1068 | D:1      | Learned a level 3 spell: Stone Arrow
  1903 | D:2      | Gained mutation: You sometimes gain a little power by
                  | taking damage. [demonic ancestry]
  1903 | D:2      | Reached XP level 4. HP: 30/30 MP: 4/8
  2448 | D:3      | Found Leotior's Antique Weapon Shop.
  2606 | D:3      | Noticed Ijyb
  2608 | D:3      | Noticed Jessica
  2612 | D:3      | Killed from afar by Ijyb

Illustrated notes

Levels and vault maps discovered:
D:1:      co_arrival_square_in_a_square_in_a_square, layout_rooms, st_stairs_11
D:2:      layout_loops_cross, kennysheep_pointless_box
D:3:      layout_loops_ring, marbit_many_paths, serial_shops,
          nicolae_shop_crystal, uniq_ijyb, uniq_jessica

Skill      XL: |  1  2  3  4 |
---------------+-------------+-----
Earth Magic    | 3 |  3.8
Stealth        | 2 |  2.1
Spellcasting   | 3 |  3.1
Dodging        | 2 |  2.1
Fighting       | |  0.2
Transmutations | |  0.8

Action                   |  1- 3 |  4- 6 || total
-------------------------+-------+-------++-------
Melee: Unarmed           |    10 |       ||    10
       Dagger            |     8 |       ||     8
       Short sword       |     1 |    13 ||    14
 Cast: Sandblast         |    61 |    29 ||    90
  Use: Potion            |     1 |       ||     1
 Stab: Sleeping          |     2 |     1 ||     3
Armor: Robe              |    12 |     7 ||    19
Dodge: Dodged            |    34 |    21 ||    55
